 Dungeon Crawl Stone Soup version 0.28.0-43-g3370ac3207 (webtiles) character file.

Game seed: 6960647936307722706

1422 Faeu the Skirmisher (level 8, -4/73 HPs)
             Began as a Minotaur Fighter on Mar 28, 2022.
             Was an Initiate of Yredelemnul.
             Killed from afar by a white imp (8 damage)
             ... with a puff of frost
             ... on level 6 of the Dungeon.
             The game lasted 00:21:42 (5797 turns).

Faeu the Skirmisher (Minotaur Fighter)              Turns: 5797, Time: 00:21:43

Health: -4/73      AC:  7    Str: 24    XL:     8   Next: 44%
Magic:  7/7        EV:  9    Int:  5    God:    Yredelemnul [......]
Gold:   276        SH:  5    Dex:  9    Spells: 7/7 levels left

rFire   . . .      SeeInvis .   a - +0 long sword {long}
rCold   . . .      Faith    .   c - +0 buckler
rNeg    + + .      Spirit   .   b - +0 scale mail
rPois   .          Reflect  .   (helmet restricted)
rElec   .          Harm     .   (no cloak)
rCorr   .          Rampage  .   (no gloves)
Will    .....                   (no boots)
Stlth   ..........              (no amulet)
HPRegen 0.22/turn               t - ring of positive energy
MPRegen 0.10/turn               f - ring of positive energy

@: no status effects
A: horns 2, retaliatory headbutt
a: Renounce Religion, Recall Undead Harvest


You were on level 6 of the Dungeon.
You worshipped Yredelemnul.
Yredelemnul was noncommittal.
You visited 1 branch of the dungeon, and saw 6 of its levels.

You collected 276 gold pieces.


Innate Abilities, Weirdness & Mutations

You have a pair of horns on your head.
You reflexively headbutt those who attack you in melee.


   Skills:
 + Level 7.3 Fighting
 + Level 6.6 Long Blades
 + Level 7.3 Armour
 + Level 7.1 Shields


You had 7 spell levels left.
You didn't know any spells.
Your spell library contained the following spells:

 Spells                   Type           Power      Damage    Failure   Level
 Foxfire                  Conj/Fire      0%         2x1d4     83%         1
 Conjure Flame            Conj/Fire      0%         6-21      99%         3
 Inner Flame              Hex/Fire       0%         N/A       99%         3
 Flame Wave               Conj/Fire      0%         2d4       100%        4

Inventory:

Hand Weapons
 a - a +0 long sword (weapon) {long}
 e - a +3 dagger of speed {short}
   (You took it off a kobold on level 1 of the Dungeon)
 m - the +9 dagger of Vefal {holy, *Noise Drain rCorr SInv, forbiddenshort}
   (You found it on level 2 of the Dungeon)

   It has been blessed by the Shining One to cause great damage to the undead
   and demons.
   SInv:      It lets you see invisible.
   *Noise:    It may make noises in combat.
   rCorr:     It protects you from acid and corrosion.
   Drain:     It drains your maximum health when unequipped.
   Yredelemnul disapproves of the use of such an item.
Missiles
 g - 192 stones (quivered) {throwing}
Armour
 b - a +0 scale mail (worn)
 c - a +0 buckler (worn)
 l - the +1 robe of Daxkonui {rF+}
   (You found it on level 2 of the Dungeon)

   rF:        It protects you from fire.
 w - a scarf of repulsion
   (You found it on level 5 of the Dungeon)
Jewellery
 f - a ring of positive energy (right hand)
   (You found it on level 5 of the Dungeon)
 t - a ring of positive energy (left hand)
   (You found it on level 5 of the Dungeon)
Wands
 x - a wand of flame (9)
   (You found it on level 6 of the Dungeon)
Scrolls
 o - 2 scrolls of torment {!r}
 p - 2 scrolls of blinking {!r}
 q - a scroll of teleportation {@r4}
 r - a scroll of vulnerability {unknown}
 u - a scroll of magic mapping {unknown}
Potions
 d - a potion of degeneration {!q@e2}
 h - 2 potions of mutation {!q}
 i - 3 potions of curing {@q1}
 j - a potion of brilliance {unknown}
 k - a potion of flight {unknown}
 n - a potion of invisibility {unknown}
 s - a potion of lignification {unknown}
 v - a potion of attraction {unknown}

Dungeon Overview and Level Annotations

Branches:
Dungeon (6/15)
 Temple: D:4-7

Altars:
Fedhas
Makhleb
Yredelemnul

###################
.............>....#
.............<....#
..................#
..................#
..................#
................@.#
##......####'##5T#######
#......###..##.l......#
##.....(........(.......
........(...............
.......(...(..>.........
#######'##[............#
#......##.............#
#......##...##...##...#


You could see a troll, a white imp and a frilled lizard.


Message History

You take 5 damage, and now have 36/73 hp.
You slash the centaur!
You kill the centaur!
A black mist starts to gather...
Your Shields skill increases to level 7!
Things that are here:
a +0 shortbow {bow}; 17 arrows You swap places. 😮 HP[+1] 😮 HP[+1]
A black bear comes into view.
The black bear growls angrily. 😎 HP[+35]
You slash the black bear! You headbutt the black bear.
The black bear goes berserk!
You slash the black bear!
You kill the black bear!
You swap places.
You swap places.
You swap places.
You swap places.
Done exploring.
Done exploring.
(D) Dungeon
Where to? (Enter - D:5, ? - help)
There is a stone staircase leading down here.
You climb downwards.
Your mindless puppet stays behind to rot.
There is a stone staircase leading up here.
You now have 264 gold pieces (gained 13).
There is a stone staircase leading up here.
g - 197 stones {throwing} (gained 21)
You open the door.
There is an open door here.
You see here a +0 robe.
You open the door.
There is an open door here.
You open the door.
There is an open door here.
You now have 276 gold pieces (gained 12).
Things that are here:
5 boomerangs {throwing}; 4 silver boomerangs {throwing}
x - a wand of flame (9)
A white imp comes into view.
The white imp shouts, "Out, out, thou impertinent weeb-spouting malt-worm!"
A troll comes into view.
The troll shouts!
The white imp gestures at you.
The puff of frost hits you but does no damage.
There is a stone staircase leading down here.
You throw a stone {throwing}.
The stone {throwing} hits the white imp but does no damage.
You throw a stone {throwing}.
The stone {throwing} closely misses the white imp.
The stone {throwing} completely misses the troll.
The white imp gestures at you. The puff of frost hits you. 😕 HP[-4]
You take 4 damage, and now have 69/73 hp.
You throw a stone {throwing}.
The stone {throwing} closely misses the troll.
You throw a stone {throwing}.
The stone {throwing} hits the troll but does no damage. 😕 HP[+1]
You throw a stone {throwing}. The stone {throwing} hits the troll.
The troll bites you. You block the troll's attack. The troll claws you.
The white imp shouts, "Leave, thou horrid flap-mouthed scavenger!" 😕 HP[-6]
You take 6 damage, and now have 64/73 hp.
The frilled lizard unfolds its giant frill.
There is a stone staircase leading up here.
You slash the troll! You block the troll's attack. The troll claws you!
The troll claws you.
You block the white imp's attack. 😮 HP[-16]
You take 16 damage, and now have 48/73 hp.
MASSIVE DAMAGE!! (PAUSE)
You slash the troll! You headbutt the troll. The troll bites you!
* * * LOW HITPOINT WARNING * * *
The troll barely misses you. The troll claws you but does no damage.
The white imp barely misses you. 😨 HP[-16]
You take 16 damage, and now have 32/73 hp.
MASSIVE DAMAGE!! (PAUSE)
You closely miss the troll. Your headbutt misses the troll.
The troll bites you!
* * * LOW HITPOINT WARNING * * *
You block the troll's attack. The troll closely misses you.
The white imp closely misses you. You furiously retaliate!
You headbutt the white imp. 😨 HP[-9]
You take 9 damage, and now have 23/73 hp.
You slash the troll! Your headbutt misses the troll.
The troll barely misses you. The troll claws you!
* * * LOW HITPOINT WARNING * * *
The troll claws you!
* * * LOW HITPOINT WARNING * * *
The white imp gestures at you. The puff of frost hits you!
You die...
Your body rises from the dead as a mindless zombie.

Skill      XL: |  1  2  3  4  5  6  7  8 |
---------------+-------------------------+-----
Armour         | 4 5 6 7 |  7.3
Fighting       | 4 5 6 7 |  7.3
Shields        | 4 5 6 7 |  7.1
Long Blades    | 3 4 5 6 |  6.6

Action                   |  1- 3 |  4- 6 |  7- 9 || total
-------------------------+-------+-------+-------++-------
Melee: Dagger            |    65 |       |       ||    65
       Long sword        |     9 |    80 |    93 ||   182
       Headbutt          |     7 |    10 |    13 ||    30
Throw: Stone             |       |       |     5 ||     5
Invok: Recall Undead Har |       |       |     2 ||     2
       Dark Bargain      |       |       |     1 ||     1
  Use: Potion            |     1 |       |       ||     1
       Scroll            |       |       |     6 ||     6
 Stab: Distracted        |     1 |       |       ||     1
Armor: Scale mail        |    23 |    34 |    41 ||    98
Dodge: Dodged            |    27 |    38 |    36 ||   101
Block: Buckler           |    10 |     9 |    23 ||    42

Levels and vault maps discovered:
D:1:      grunt_arrival_lava_bath, layout_basic,
          hellmonk_ecumenical_altar_dog_temple
D:2:      layout_rooms, basic_altar, uniq_natasha
D:3:      layout_loops_corners, mainiacjoe_overflow_24_doors, st_stairs_2
D:4:      layout_basic, lemuel_zombie_altar_yredelemnul, uniq_grinder
D:5:      layout_cave_pods
D:6:      layout_gridville, mainiacjoe_overflow_two_lobes,
          minmay_temple_entry_overgrown, kennysheep_generic_room_14

Notes
Turn   | Place    | Note
-------+----------+-------------------------------------------
     0 | D:1      | Faeu the Minotaur Fighter began the quest for the Orb.
     0 | D:1      | Reached XP level 1. HP: 19/19 MP: 0/0
     0 | D:1      | magus.rc [v1.9.6]
   120 | D:1      | Found a faded altar of an unknown god.
   147 | D:1      | Prayed at the altar of an unknown god.
   147 | D:1      | Became a worshipper of Yredelemnul the Dark
   147 | D:1      | Reached * piety under Yredelemnul
   163 | D:1      | Reached XP level 2. HP: 22/27 MP: 1/1
   294 | D:1      | Reached ** piety under Yredelemnul
   460 | D:1      | Reached skill level 4 in Armour
   515 | D:1      | Reached skill level 4 in Fighting
   537 | D:1      | magus.rc [v1.9.6]
   563 | D:1      | magus.rc [v1.9.6]
   577 | D:1      | Reached skill level 4 in Shields
   912 | D:1      | Reached *** piety under Yredelemnul
  1068 | D:1      | Reached skill level 3 in Long Blades
  1068 | D:1      | Reached XP level 3. HP: 33/33 MP: 2/2
  1139 | D:2      | Found a burning altar of Makhleb.
  1292 | D:2      | Noticed Natasha
  1297 | D:2      | HP: 6/33 [Natasha (7)]
  1301 | D:2      | Killed Natasha
  1302 | D:2      | Reached XP level 4. HP: 8/41 MP: 3/3
  1638 | D:2      | Identified the +1 robe of Daxkonui {rF+}
  1888 | D:2      | Noticed Natasha
  1889 | D:2      | Identified the +9 dagger of Vefal {holy, *Noise Drain rCorr
                  | SInv}
  1896 | D:2      | Killed Natasha
  2024 | D:2      | Noticed Natasha
  2053 | D:2      | Your ally Natasha died
  2056 | D:2      | Killed Natasha
  2057 | D:2      | Reached XP level 5. HP: 43/47 MP: 4/4
  2146 | D:3      | Found a blossoming altar of Fedhas.
  2544 | D:3      | Reached skill level 5 in Armour
  2652 | D:3      | Reached skill level 4 in Long Blades
  3017 | D:4      | Reached skill level 5 in Fighting
  3114 | D:4      | You pick up a book of Flames and begin reading...
  3114 | D:4      | You add the spells Foxfire, Conjure Flame, Inner Flame and
                  | Flame Wave to your library.
  3217 | D:4      | Noticed an ogre
  3221 | D:4      | Noticed Grinder
  3223 | D:4      | Reached skill level 5 in Shields
  3229 | D:4      | Killed an ogre
  3230 | D:4      | Reached XP level 6. HP: 32/56 MP: 5/5
  3246 | D:4      | Killed Grinder
  3247 | D:4      | Reached skill level 5 in Long Blades
  3247 | D:4      | Reached XP level 7. HP: 27/62 MP: 6/6
  3273 | D:4      | HP: 15/62 [iguana (10)]
  3589 | D:4      | magus.rc [v1.9.6]
  3773 | D:4      | Reached skill level 6 in Fighting
  3773 | D:4      | Reached skill level 6 in Armour
  3946 | D:4      | Reached skill level 6 in Shields
  3951 | D:4      | Found a basalt altar of Yredelemnul.
  4039 | D:5      | Entered Level 5 of the Dungeon
  4508 | D:5      | Reached skill level 6 in Long Blades
  4508 | D:5      | Reached XP level 8. HP: 40/71 MP: 7/7
  5206 | D:5      | Reached skill level 7 in Fighting
  5206 | D:5      | Reached skill level 7 in Armour
  5440 | D:5      | Reached skill level 7 in Shields
  5770 | D:6      | Noticed a troll
  5797 | D:6      | HP: 15/73 [troll (8)]
  5797 | D:6      | HP: 4/73 [troll (11)]
  5797 | D:6      | Killed from afar by a white imp

Vanquished Creatures
  A sky beast (D:5)
  2 black bears (D:5)
  A centaur (D:5)
  An ogre (D:4)
  A water moccasin zombie (D:4)
  A water moccasin skeleton (D:5)
  A jelly (D:4)
  Natasha (twice) (D:2)
  6 iguanas
  A scorpion zombie (D:5)
  A hound zombie (D:5)
  8 adders
  A shadow imp (D:5)
  An adder zombie (D:4)
  A worm (D:3)
  An orc (D:4)
  4 bats
  9 endoplasms
  A giant cockroach (D:2)
  A goblin (D:3)
  7 hobgoblins
  4 jackals (D:1)
  2 quokkas
  6 ball pythons
  4 frilled lizards
  10 kobolds
  5 rats
83 creatures vanquished.

Vanquished Creatures (collateral kills)
  Grinder (D:4)
  A sky beast (D:5)
  An ogre (D:5)
  Natasha (D:2)
  A killer bee zombie (D:5)
  2 adders
  A dart slug (D:2)
  A goblin (D:1)
  2 hobgoblins
  A bat (D:3)
  A kobold (D:1)
13 creatures vanquished.

Vanquished Creatures (others)
  A felid zombie (D:2)
  2 adder zombies
  A dart slug zombie (D:2)
  A kobold zombie (D:4)
  2 rat zombies
  A plant (D:6)
8 creatures vanquished.

Grand Total: 104 creatures vanquished

Table legend:
 A = Non-vault XP
 B = Vault XP
 C = Vault XP percentage of total XP
 D = Non-vault monster count
 E = Vault monster count
 F = Vault count percentage of total count
                 A         B        C        D         E       F
            +---------+---------+-------+---------+---------+-------
      Total |    1596 |     436 |  21.5 |      86 |      10 |  10.4
            +---------+---------+-------+---------+---------+-------
        D:1 |      35 |       8 |  18.6 |      22 |       4 |  15.4
        D:2 |     135 |      37 |  21.5 |      19 |       1 |   5.0
        D:3 |      76 |       4 |   5.0 |      17 |       2 |  10.5
        D:4 |     299 |     387 |  56.4 |      13 |       3 |  18.8
        D:5 |    1051 |       0 |   0.0 |      15 |       0 |   0.0
            +---------+---------+-------+---------+---------+-------

Illustrated notes

Table legend:
 A = Kills in this place as a percentage of kills in entire the game.
 B = Kills by you in this place as a percentage of kills by you in the entire game.
 C = Kills by friends in this place as a percentage of kills by friends in the entire game.
 D = Other kills in this place as a percentage of other kills in the entire game.
 E = Experience gained in this place as a percentage of experience gained in the entire game.
 F = Experience gained in this place divided by the number of levels of this place that you have seen.
                   A       B       C       D       E      F
               +-------+-------+-------+-------+-------+----------------------
         Total | 100.0 | 100.0 | 100.0 |   N/A | 100.0 | 338.7
       Dungeon | 100.0 | 100.0 | 100.0 |   N/A | 100.0 | 338.7
               +-------+-------+-------+-------+-------+----------------------

Table legend: (Time is in decaauts)
 A = Elapsed time spent in this place.
 B = Non-inter-level travel time spent in this place.
 C = Inter-level travel time spent in this place.
 D = Time resting spent in this place.
 E = Time spent auto-exploring this place.
 F = Levels seen in this place.
 G = Mean time per level.
                   A        B        C        D        E       F      G
               +--------+--------+--------+--------+--------+-----+--------+
         Total |   5812 |   5672 |    140 |    590 |   3668 |   6 |  968.7 |
       Dungeon |   5812 |   5672 |    140 |    590 |   3668 |   6 |  968.7 |
               +--------+--------+--------+--------+--------+-----+--------+

Top non-repeatable levels by time:
     D:5: 1678 daAuts
     D:1: 1194 daAuts
     D:4: 1079 daAuts
     D:2: 915 daAuts
     D:3: 855 daAuts
     D:6: 89 daAuts
